| TOP OF THE 1ST |
|
University of Minnesota Golden Gophers batting - Pitching for University of Oklahoma Sooners : RHP Josh Marker
|
|
Pitching: RHP Josh Marker
|
|
|
Batting: LHB Bobby Agterberg
|
0-0: Called Strike 0-1: Swinging Strike 0-2: Ball 1-2: Ball 2-2: Foul Ball, location: 2F 2-2: Foul Ball, location: 2F 2-2: Foul Ball, location: 2F 2-2: Strikes out swinging
|
|
Batting: RHB Jian-zhang Zhào
|
0-0: Called Strike 0-1: Foul Ball, location: 2F 0-2: Ball 1-2: Ball 2-2: Strikes out swinging
|
|
Batting: RHB Tommy Molinaro
|
0-0: Called Strike 0-1: Ball 1-1: Ball 2-1: Called Strike 2-2: Foul Ball, location: 2F 2-2: Foul Ball, location: 2F 2-2: Strikes out swinging
|
| Top of the 1st over - 0 runs, 0 hits, 0 errors, 0 left on base; University of Minnesota 0 - University of Oklahoma 0 |
| BOTTOM OF THE 1ST |
|
University of Oklahoma Sooners batting - Pitching for University of Minnesota Golden Gophers : RHP Danny Colon
|
|
Pitching: RHP Danny Colon
|
|
|
Batting: RHB Kjeld Leen
|
0-0: Called Strike 0-1: Ball 1-1: Ball 2-1: Ball 3-1: Base on Balls
|
|
Batting: RHB Mike Blehm
|
0-0: Called Strike 0-1: Ball Kjeld Leen is caught stealing 2nd base 2-4 1-1: Foul Ball, location: 2F 1-2: Foul Ball, location: 2F 1-2: SINGLE (Groundball, 4MD, EV 96.9 MPH)
|
|
Batting: RHB Suk Hahn
|
0-0: Foul Ball, location: 2F 0-1: Ball 1-1: Swinging Strike 1-2: Strikes out swinging
|
|
Batting: RHB Alex Perez
|
0-0: Fielders Choice at 2nd, 6-4 (Groundball, 6, EV 100.6 MPH)
|
| Bottom of the 1st over - 0 runs, 1 hit, 0 errors, 1 left on base; University of Minnesota 0 - University of Oklahoma 0 |
| TOP OF THE 2ND |
|
University of Minnesota Golden Gophers batting - Pitching for University of Oklahoma Sooners : RHP Josh Marker
|
|
Batting: RHB Jason Mooris
|
0-0: Ball 1-0: Ball 2-0: Ground out 6-3 (Groundball, 6, EV 101.2 MPH)
|
|
Batting: LHB Jose Moncada
|
0-0: Called Strike 0-1: Ball 1-1: Foul Ball, location: 2F 1-2: Foul Ball, location: 2F 1-2: Ball 2-2: Foul Ball, location: 2F 2-2: Ball 3-2: Strikes out swinging
|
|
Batting: RHB Ron Gooch
|
0-0: Fly out, F6 (Line Drive, 6, EV 70.0 MPH)
|
| Top of the 2nd over - 0 runs, 0 hits, 0 errors, 0 left on base; University of Minnesota 0 - University of Oklahoma 0 |
| BOTTOM OF THE 2ND |
|
University of Oklahoma Sooners batting - Pitching for University of Minnesota Golden Gophers : RHP Danny Colon
|
|
Batting: SHB Orlando Uribe
|
0-0: SINGLE (Groundball, 4MD, EV 109.4 MPH)
|
|
Batting: RHB Sugiarto Kartosuwiryo
|
0-0: Ball 1-0: Called Strike 1-1: Swinging Strike 1-2: Foul Ball, location: 2F 1-2: Grounds out, U3 (Groundball, 3L, EV 97.5 MPH)
|
|
Batting: RHB Sam Mason
|
0-0: Called Strike 0-1: Foul Ball, location: 2F 0-2: Ball 1-2: Strikes out swinging
|
|
Batting: RHB David Stuckey
|
0-0: Ball 1-0: Swinging Strike 1-1: Ball 2-1: Swinging Strike 2-2: Fly out, F9 (Flyball, 89M, EV 87.5 MPH)
|
| Bottom of the 2nd over - 0 runs, 1 hit, 0 errors, 1 left on base; University of Minnesota 0 - University of Oklahoma 0 |
| TOP OF THE 3RD |
|
University of Minnesota Golden Gophers batting - Pitching for University of Oklahoma Sooners : RHP Josh Marker
|
|
Batting: SHB Chris Rodgers
|
0-0: Ball 1-0: Foul Ball, location: 2F 1-1: Foul Ball, location: 2F 1-2: Strikes out swinging
|
|
Batting: RHB Roy Evenden
|
0-0: Ball 1-0: Ball 2-0: Swinging Strike 2-1: Called Strike 2-2: Ground out 5-3 (Groundball, 56, EV 89.4 MPH)
|
|
Batting: LHB Phil Bonner
|
0-0: Called Strike 0-1: Foul Ball, location: 2F 0-2: Ball 1-2: Foul Ball, location: 2F 1-2: Foul Ball, location: 2F 1-2: Ground out 4-3 (Groundball, 4, EV 86.9 MPH)
|
| Top of the 3rd over - 0 runs, 0 hits, 0 errors, 0 left on base; University of Minnesota 0 - University of Oklahoma 0 |
| BOTTOM OF THE 3RD |
|
University of Oklahoma Sooners batting - Pitching for University of Minnesota Golden Gophers : RHP Danny Colon
|
|
Batting: RHB Ben Gappa
|
0-0: Swinging Strike 0-1: Swinging Strike 0-2: Strikes out swinging
|
|
Batting: RHB Kjeld Leen
|
0-0: Called Strike 0-1: Foul Ball, location: 2F 0-2: Foul Ball, location: 2F 0-2: Fly out, F8 (Flyball, 89M, EV 80.6 MPH)
|
|
Batting: RHB Mike Blehm
|
0-0: Called Strike 0-1: SINGLE (Groundball, 56S, EV 70.6 MPH) (infield hit)
|
|
Batting: RHB Suk Hahn
|
0-0: Called Strike 0-1: Ball 1-1: Ball 2-1: Ball 3-1: SINGLE (Line Drive, 89S, EV 98.1 MPH) Mike Blehm to second Runner from 2nd tries for 3rd, SAFE, throw by RF made to third
|
|
Batting: RHB Alex Perez
|
0-0: Ball 1-0: Called Strike 1-1: Ball 2-1: Foul Ball, location: 2F 2-2: Strikes out swinging
|
| Bottom of the 3rd over - 0 runs, 2 hits, 0 errors, 2 left on base; University of Minnesota 0 - University of Oklahoma 0 |
| TOP OF THE 4TH |
|
University of Minnesota Golden Gophers batting - Pitching for University of Oklahoma Sooners : RHP Josh Marker
|
|
Batting: LHB Bobby Agterberg
|
0-0: Ball 1-0: Called Strike 1-1: Swinging Strike 1-2: Fly out, F7 (Flyball, 7LS, EV 76.9 MPH)
|
|
Batting: RHB Jian-zhang Zhào
|
0-0: Ball 1-0: Ball 2-0: Foul Ball, location: 2F 2-1: Ground out 6-3 (Groundball, 6, EV 110.6 MPH)
|
|
Batting: RHB Tommy Molinaro
|
0-0: Called Strike 0-1: Called Strike 0-2: Foul Ball, location: 2F 0-2: Strikes out swinging
|
| Top of the 4th over - 0 runs, 0 hits, 0 errors, 0 left on base; University of Minnesota 0 - University of Oklahoma 0 |
| BOTTOM OF THE 4TH |
|
University of Oklahoma Sooners batting - Pitching for University of Minnesota Golden Gophers : RHP Danny Colon
|
|
Batting: SHB Orlando Uribe
|
0-0: Ground out U3 (Groundball, 3, EV 107.5 MPH)
|
|
Batting: RHB Sugiarto Kartosuwiryo
|
0-0: Called Strike 0-1: Foul Ball, location: 2F 0-2: Strikes out looking
|
|
Batting: RHB Sam Mason
|
0-0: Called Strike 0-1: Called Strike 0-2: Strikes out swinging
|
| Bottom of the 4th over - 0 runs, 0 hits, 0 errors, 0 left on base; University of Minnesota 0 - University of Oklahoma 0 |
| TOP OF THE 5TH |
|
University of Minnesota Golden Gophers batting - Pitching for University of Oklahoma Sooners : RHP Josh Marker
|
|
Batting: RHB Jason Mooris
|
0-0: Called Strike 0-1: Foul Ball, location: 2F 0-2: Ball 1-2: Strikes out swinging
|
|
Batting: LHB Jose Moncada
|
0-0: Ground out 3-1 (Groundball, 13, EV 84.4 MPH)
|
|
Batting: RHB Ron Gooch
|
0-0: Foul Ball, location: 2F 0-1: Ball 1-1: Ball 2-1: Swinging Strike 2-2: Ground out 6-3 (Groundball, 6, EV 101.2 MPH)
|
| Top of the 5th over - 0 runs, 0 hits, 0 errors, 0 left on base; University of Minnesota 0 - University of Oklahoma 0 |
| BOTTOM OF THE 5TH |
|
University of Oklahoma Sooners batting - Pitching for University of Minnesota Golden Gophers : RHP Danny Colon
|
|
Batting: RHB David Stuckey
|
0-0: Ball 1-0: Called Strike 1-1: Foul Ball, location: 2F 1-2: Ball 2-2: Ball 3-2: Foul Ball, location: 2F 3-2: Strikes out swinging
|
|
Batting: RHB Ben Gappa
|
0-0: Foul Ball, location: 2F 0-1: Ball 1-1: Foul Ball, location: 2F 1-2: Foul Ball, location: 2F 1-2: Foul Ball, location: 2F 1-2: Foul Ball, location: 2F 1-2: Strikes out swinging
|
|
Batting: RHB Kjeld Leen
|
0-0: Foul Ball, location: 2F 0-1: Ball 1-1: Ball 2-1: Called Strike 2-2: Foul Ball, location: 2F 2-2: Strikes out looking
|
| Bottom of the 5th over - 0 runs, 0 hits, 0 errors, 0 left on base; University of Minnesota 0 - University of Oklahoma 0 |
| TOP OF THE 6TH |
|
University of Minnesota Golden Gophers batting - Pitching for University of Oklahoma Sooners : RHP Josh Marker
|
|
Batting: SHB Chris Rodgers
|
0-0: Foul Ball, location: 2F 0-1: Hit by Pitch
|
|
Batting: RHB Roy Evenden
|
0-0: Ball 1-0: Ball 2-0: Called Strike Chris Rodgers is caught stealing 2nd base 2-4 2-1: Swinging Strike 2-2: Ball 3-2: Strikes out swinging
|
|
Batting: LHB Phil Bonner
|
0-0: Ball 1-0: Ground out 6-3 (Groundball, 4M, EV 101.2 MPH)
|
| Top of the 6th over - 0 runs, 0 hits, 0 errors, 0 left on base; University of Minnesota 0 - University of Oklahoma 0 |
| BOTTOM OF THE 6TH |
|
University of Oklahoma Sooners batting - Pitching for University of Minnesota Golden Gophers : RHP Danny Colon
|
|
Pitching: LHP Hidehiro Kanno
|
|
|
Batting: RHB Mike Blehm
|
0-0: Called Strike 0-1: Ball 1-1: Ball 2-1: Ball 3-1: SINGLE (Groundball, 6S, EV 96.9 MPH)
|
|
Batting: RHB Suk Hahn
|
0-0: Foul Ball, location: 2F 0-1: Ball 1-1: Ball 2-1: Foul Ball, location: 2F 2-2: Strikes out swinging
|
|
Batting: RHB Alex Perez
|
0-0: Ball 1-0: Called Strike 1-1: Ball 2-1: SINGLE (Line Drive, 89M, EV 88.1 MPH) Mike Blehm to second
|
|
Batting: SHB Orlando Uribe
|
0-0: Called Strike 0-1: Called Strike 0-2: Ball 1-2: Grounds into double play, 4-6-3 (Groundball, 4, EV 113.8 MPH)
|
| Bottom of the 6th over - 0 runs, 2 hits, 0 errors, 1 left on base; University of Minnesota 0 - University of Oklahoma 0 |
| TOP OF THE 7TH |
|
University of Minnesota Golden Gophers batting - Pitching for University of Oklahoma Sooners : RHP Josh Marker
|
|
Batting: LHB Bobby Agterberg
|
0-0: Ball 1-0: Called Strike 1-1: Ball 2-1: Swinging Strike 2-2: Strikes out swinging
|
|
Batting: RHB Jian-zhang Zhào
|
0-0: Ball 1-0: Reached via error on a dropped throw from 2B, E3 (Groundball, 4, EV 83.1 MPH)
|
|
Batting: RHB Tommy Molinaro
|
0-0: Called Strike 0-1: DOUBLE (Line Drive, 3D, EV 98.1 MPH) Jian-zhang Zhào to third
|
|
Pitching: RHP Noboru Kamai
|
|
|
Batting: RHB Jason Mooris
|
0-0: Foul Ball, location: 2F 0-1: Ball 1-1: Fly out, F8 (Flyball, 8RS, EV 83.1 MPH)
|
|
Batting: LHB Jose Moncada
|
0-0: Called Strike 0-1: Ball 1-1: Foul Ball, location: 2F 1-2: Foul Ball, location: 2F 1-2: Foul Ball, location: 2F 1-2: Ball 2-2: Foul Ball, location: 2F 2-2: Fly out, F8 (Flyball, 8RS, EV 74.4 MPH)
|
| Top of the 7th over - 0 runs, 1 hit, 1 error, 2 left on base; University of Minnesota 0 - University of Oklahoma 0 |
| BOTTOM OF THE 7TH |
|
University of Oklahoma Sooners batting - Pitching for University of Minnesota Golden Gophers : LHP Hidehiro Kanno
|
|
Batting: RHB Sugiarto Kartosuwiryo
|
0-0: Ground out 3-1 (Groundball, 34S, EV 91.9 MPH)
|
|
Batting: RHB Sam Mason
|
0-0: Called Strike 0-1: Ball 1-1: Foul Ball, location: 2F 1-2: Ball 2-2: Foul Ball, location: 2F 2-2: Reached on error, E6 (Groundball, 6, EV 91.2 MPH)
|
|
Batting: RHB David Stuckey
|
0-0: Ball 1-0: Ball 2-0: Foul Ball, location: 2F 2-1: Fielders Choice at 2nd, 6-4 (Groundball, 6, EV 85.0 MPH)
|
|
Batting: RHB Ben Gappa
|
0-0: Foul Ball, location: 2F 0-1: Swinging Strike 0-2: Ground out U3 (Groundball, 3, EV 102.5 MPH)
|
| Bottom of the 7th over - 0 runs, 0 hits, 1 error, 1 left on base; University of Minnesota 0 - University of Oklahoma 0 |
| TOP OF THE 8TH |
|
University of Minnesota Golden Gophers batting - Pitching for University of Oklahoma Sooners : RHP Noboru Kamai
|
|
Batting: RHB Ron Gooch
|
0-0: Fly out, F3 (Popup, 3SF, EV 70.0 MPH)
|
|
Pinch Hitting: RHB Jose Garrido
|
0-0: Foul Ball, location: 2F 0-1: Foul Ball, location: 2F 0-2: Foul Ball, location: 2F 0-2: Strikes out looking
|
|
Batting: RHB Roy Evenden
|
0-0: Called Strike 0-1: Ball 1-1: Foul Ball, location: 2F 1-2: SINGLE (Groundball, P, EV 79.4 MPH) (infield hit)
|
|
Pinch Hitting: LHB Ivan Villegas
|
0-0: Ball Roy Evenden steals 2nd, throwing error, E2 Roy Evenden to third 1-0: Foul Ball, location: 2F 1-1: Called Strike 1-2: Ball 2-2: Fly out, F7 (Flyball, 7D, EV 92.5 MPH)
|
| Top of the 8th over - 0 runs, 1 hit, 1 error, 1 left on base; University of Minnesota 0 - University of Oklahoma 0 |
| BOTTOM OF THE 8TH |
|
University of Oklahoma Sooners batting - Pitching for University of Minnesota Golden Gophers : LHP Hidehiro Kanno
|
|
Pitching: RHP Bobby Rodriguez
|
|
|
Now at 3B: Jose Garrido
|
|
|
Now in CF: Ivan Villegas
|
|
|
Pinch Hitting: LHB Pedro Marrero
|
0-0: Called Strike 0-1: Ball 1-1: Ball 2-1: Ball 3-1: Called Strike 3-2: SINGLE (Groundball, 34D, EV 98.1 MPH)
|
|
Batting: RHB Mike Blehm
|
0-0: Ball 1-0: Sac Bunt to 3S - play at first, batter OUT! 3-4 Pedro Marrero to second
|
|
Batting: RHB Suk Hahn
|
0-0: DOUBLE (Flyball, 78XD, EV 113.8 MPH) Pedro Marrero scores
|
|
Batting: RHB Alex Perez
|
0-0: Intentional Walk
|
|
Batting: SHB Orlando Uribe
|
0-0: Ball 1-0: Swinging Strike 1-1: Called Strike 1-2: Strikes out swinging
|
|
Batting: RHB Sugiarto Kartosuwiryo
|
0-0: Fly out, F3 (Popup, 34, EV 76.9 MPH)
|
| Bottom of the 8th over - 1 run, 2 hits, 0 errors, 2 left on base; University of Minnesota 0 - University of Oklahoma 1 |
| TOP OF THE 9TH |
|
University of Minnesota Golden Gophers batting - Pitching for University of Oklahoma Sooners : RHP Noboru Kamai
|
|
Pitching: RHP Roger Torrez
|
|
|
Now in CF: Pedro Marrero
|
|
|
Batting: LHB Bobby Agterberg
|
0-0: Called Strike 0-1: Ball 1-1: Called Strike 1-2: Ball 2-2: Ball 3-2: Foul Ball, location: 2F 3-2: Foul Ball, location: 2F 3-2: Ground out 5-3 (Groundball, 56, EV 90.0 MPH)
|
|
Pinch Hitting: RHB Scott Rose
|
0-0: Ball 1-0: Ball 2-0: Ball 3-0: Base on Balls
|
|
Batting: RHB Tommy Molinaro
|
0-0: Ball Wild Pitch! Scott Rose to second 1-0: Ground out 5-3 (Groundball, 56, EV 80.0 MPH)
|
|
Batting: RHB Jason Mooris
|
0-0: Ball 1-0: Foul Ball, location: 2F 1-1: Ball 2-1: Ball 3-1: Called Strike 3-2: Strikes out looking
|
| Top of the 9th over - 0 runs, 0 hits, 0 errors, 1 left on base; University of Minnesota 0 - University of Oklahoma 1 |
|